Map: Orbital Shipyard

Players

WildCatBrown

  • Race: Protoss Protoss
  • League: Bronze

PecanSandy - Winner!

  • Race: Protoss Protoss
  • League: Gold

VOD

Have the link to the VOD?

Description

Time

  • Played on: Dec. 22, 2015, 10:08 a.m.
  • Length: 8:47
Show
View Real Time Build Order
Export as new Build Order

WildCatBrown Protoss 

Build Orders: 1 Gate Expand 

Get SALT Encoding   

  12  0:01  Probe (Chrono Boost)  
  13  0:11  Probe (Chrono Boost)  
  14  0:21  Pylon  
  14  0:22  Probe (Chrono Boost)  
  15  0:36  Assimilator  
  15  0:39  Probe (Chrono Boost)  
  16  0:46  Gateway  
  16  0:49  Probe (Chrono Boost)  
  17  1:00  Probe (Chrono Boost)  
  18  1:10  Probe (Chrono Boost)  
  19  1:21  Probe (Chrono Boost)  
  20  1:27  Nexus  
  20  1:35  Probe (Chrono Boost)  
  21  1:47  Cybernetics Core  
  21  1:57  Probe (Chrono Boost)  
  22  2:01  Assimilator  
  22  2:11  Pylon  
  22  2:12  Probe (Chrono Boost)  
  23  2:26  Warp Gate (Chrono Boost)  
  23  2:29  Zealot  
  25  2:30  Probe  
  26  2:39  Probe  
  26  2:42  Probe  
  28  2:50  Probe  
  28  2:56  Adept  
  30  3:07  Gateway  
  30  3:09  Gateway  
  30  3:12  Mothership Core (Chrono Boost)  
  32  3:14  Probe (Chrono Boost)  
  33  3:26  Probe (Chrono Boost)  
  34  3:31  Forge  
  34  3:36  Probe (Chrono Boost)  
  35  3:44  Pylon  
  35  3:46  Pylon  
  35  3:49  Probe (Chrono Boost)  
  35  3:51  Probe (Chrono Boost)  
  37  3:57  Adept  
  37  3:59  Probe (Chrono Boost)  
  37  4:02  Probe (Chrono Boost)  
  41  4:08  Twilight Council  
  42  4:10  Probe (Chrono Boost)  
  41  4:25  Protoss Ground Weapons Level 1 (Chrono Boost)  
  41  4:33  Gateway  
  41  4:34  Probe (Chrono Boost)  
  42  4:42  Adept x2, Pylon  
  46  4:45  Pylon  
  46  4:48  Assimilator  
  46  4:53  Resonating Glaives (Chrono Boost)  
  46  4:54  Assimilator  
  46  4:55  Probe, Gateway  
  46  4:57  Probe  
  46  4:58  Gateway  
  48  5:07  Probe  
  48  5:08  Adept x3  
  48  5:09  Probe  
  56  5:19  Probe  
  57  5:22  Probe  
  57  5:25  Pylon  
  58  5:32  Robotics Facility  
  58  5:37  Probe  
  59  5:43  Pylon  
  59  5:45  Adept x2  
  59  5:46  Adept  
  65  5:51  Adept  
  67  6:02  Protoss Ground Weapons Level 2  
  67  6:18  Nexus  
  67  6:22  Assimilator  
  67  6:25  Warp Prism (Chrono Boost)  
  69  6:27  Assimilator  
  69  6:29  Pylon  
  69  6:32  Pylon  
  69  6:36  Pylon  
  69  6:38  Photon Cannon  
  69  6:53  Robotics Facility  
  69  6:56  Pylon  
  69  7:06  Probe  
  70  7:09  Dark Shrine  
  70  7:18  Probe, Observer (Chrono Boost)  
  66  7:30  Probe  
  65  7:42  Probe  
  62  7:44  Adept x3  
  62  7:45  Adept x3  
  52  8:06  Adept x2  
  52  8:07  Adept x3  
  60  8:27  Dark Templar x2  
  60  8:28  Dark Templar x2  
Show
View Real Time Build Order
Export as new Build Order

PecanSandy Protoss - Winner!

Build Orders: 1 Gate Expand, Blink Stalkers 

Get SALT Encoding   

  12  0:01  Probe (Chrono Boost)  
  13  0:11  Probe (Chrono Boost)  
  14  0:19  Pylon  
  14  0:25  Probe (Chrono Boost)  
  15  0:38  Probe (Chrono Boost)  
  15  0:41  Gateway  
  16  0:51  Assimilator  
  16  0:52  Probe (Chrono Boost)  
  17  1:02  Probe (Chrono Boost)  
  18  1:13  Probe (Chrono Boost)  
  18  1:17  Pylon  
  19  1:23  Probe (Chrono Boost)  
  20  1:39  Nexus  
  20  1:42  Probe (Chrono Boost)  
  21  1:48  Cybernetics Core  
  21  1:52  Probe (Chrono Boost)  
  22  1:58  Assimilator  
  22  2:11  Probe (Chrono Boost)  
  22  2:12  Gateway  
  23  2:22  Probe (Chrono Boost)  
  24  2:28  Adept  
  26  2:31  Warp Gate  
  26  2:33  Mothership Core (Chrono Boost)  
  28  2:48  Pylon  
  28  2:50  Probe (Chrono Boost)  
  30  2:51  Probe (Chrono Boost)  
  30  2:57  Adept (Chrono Boost)  
  32  3:00  Probe  
  32  3:02  Probe  
  34  3:08  Twilight Council  
  34  3:11  Probe  
  35  3:16  Probe  
  35  3:19  Sentry (Chrono Boost)  
  38  3:36  Probe  
  38  3:38  Probe  
  40  3:44  Blink  
  40  3:52  Gateway  
  40  3:53  Gateway  
  40  3:54  Robotics Facility  
  40  4:01  Probe  
  41  4:03  Assimilator  
  41  4:08  Assimilator  
  41  4:18  Probe  
  41  4:20  Probe  
  43  4:32  Probe  
  43  4:37  Probe  
  44  4:44  Observer  
  44  4:45  Probe  
  47  4:47  Probe  
  47  4:49  Pylon  
  47  4:52  Stalker x3  
  54  4:59  Pylon  
  54  5:02  Pylon  
  54  5:06  Probe  
  54  5:07  Probe  
  60  5:14  Immortal (Chrono Boost)  
  60  5:16  Stalker, Probe  
  60  5:19  Probe  
  64  5:26  Pylon  
  64  5:27  Probe  
  64  5:32  Probe  
  64  5:33  Stalker  
  68  5:37  Probe  
  68  5:38  Stalker  
  71  5:44  Probe  
  71  5:48  Probe  
  71  5:49  Immortal (Chrono Boost)  
  77  5:52  Pylon  
  77  5:56  Probe  
  78  5:58  Probe  
  78  6:03  Stalker x3  
  85  6:08  Probe  
  86  6:12  Probe  
  86  6:15  Stalker  
  89  6:20  Probe  
  89  6:23  Immortal (Chrono Boost)  
  94  6:26  Pylon  
  94  6:39  Pylon  
  94  6:42  Probe  
  94  6:44  Probe  
  96  6:53  Probe  
  96  6:56  Probe  
  96  6:58  Pylon  
  98  7:03  Probe  
  98  7:07  Immortal (Chrono Boost)  
  103  7:13  Robotics Bay  
  93  7:59  Probe  
  93  8:00  Probe  
  93  8:04  Stalker x2  
  93  8:05  Stalker x2  
  101  8:14  Nexus  
  101  8:17  Pylon  
  101  8:19  Pylon  
Tags
 
Add a new tag
Caveats
  • Supply blocks, unpowered buildings, or Contaminate may cause inaccurate times.
  • Supply counts are checked every 10 seconds.